Unix NetHack Version 5.0.0-0 post-release - last build Jul 14 2026 02:55:29 (1809b74e8187c3a3585e283601c3028b46cbbdcb,branch:main).

Game began 2026-07-16 00:18:45, ended 2026-07-16 23:28:31.

IanCurtis, chaotic male elven Wizard

               ----
               |..--
               |...|
              --.%.|                           h
          -----..---     --    - |
          |..*...|     --.-----..|               f
      -----.----.|     |........-
      |.....|  |.|     |.......-   --
 ------.--..|  |)*###(##.......###..|
 |...n..|--.|  |..|    |.#^L....- - |
 |...---- |.-- --.|    |.|......%.|
 --.--   --..|  |.---  |.|  .....%...|
  ---    |..--  |...|  |.|  ..D....| |
         --.|   |-[.-- |.| -..@.:.--                           d
          ---   |....---.| |.|f|.--                   p       f
               --.....|*.--|.|----
               |......<...--.---                            a
               --.-----...*(...|
                ---   --..|....|
                       ---------
IanCurtis the Thaumaturge  St:14 Dx:14 Co:14 In:19 Wi:12 Ch:12  Chaotic
Dlvl:10 $:115 HP:0(53) Pw:9(80) AC:6  Xp:8 T:6704  Burdened Blind

Latest messages:
 The pony kicks!
 The pony bites!
 You hear some noises.
 In what direction? y
 You kill the pony!
 You try to feel what is lying here on the floor.
 You feel here a pony corpse.
 You have extreme difficulty lifting a pony corpse.  Continue? [ynq] (q) y
 You have extreme difficulty lifting s - a pony corpse.
 You can barely move a handspan with this load!
 What do you want to drop? [$a-gikm-su-wyzBCE-GKLNPR-W or ?*] s
 You drop a pony corpse.
 Your movements are only slowed slightly by your load.
 You step onto a polymorph trap!
 Your pair of snow boots warps strangely.
 R - a +0 pair of hard shoes (being worn).
 You hear a C note squeak nearby.
 In what direction? h
 You kill the mountain nymph!
 Please move the cursor to a monster, object or location.
 (For instructions type a '?')
 There is a squeaky board here.
 You try to feel what is lying here on the floor.
 A board beneath you squeaks a C note loudly.
 You have trouble lifting a mountain nymph corpse.  Continue? [ynq] (q) y
 You have trouble lifting t - a mountain nymph corpse.
 You rebalance your load.  Movement is difficult.
 What do you want to drop? [$a-gikm-rt-wyzBCE-GKLNPR-W or ?*] t
 You drop a mountain nymph corpse.
 Your movements are only slowed slightly by your load.
 You miss the baby white dragon.
 The baby white dragon bites!
 You miss the baby white dragon.
 The baby white dragon bites!
 You miss the baby white dragon.
 You miss the baby white dragon.
 You miss the baby white dragon.
 The baby white dragon bites!
 The baby white dragon bites!
 In what direction? l
 The magic missile hits the baby white dragon!
 The baby white dragon bites!
 The baby white dragon bites!
 The baby white dragon bites!
 In what direction? k
 The magic missile hits the baby white dragon!
 In what direction? k
 The baby white dragon bites!
 You die...
 Do you want your possessions identified? [ynq] (y) q

Inventory:
 Coins    ('$')
  $ - 115 gold pieces
 Amulets  ('"')
  G - an uncursed amulet of ESP
 Weapons  (')')
  a - a blessed +1 quarterstaff (weapon in hands)
 Armor    ('[')
  u - an uncursed +0 orcish helm (being worn)
  R - an uncursed +0 pair of iron shoes (being worn)
  N - an uncursed +0 cloak of magic resistance (being worn)
 Comestibles  ('%')
  T - 3 uncursed food rations
  F - an uncursed tripe ration
  n - a cursed tripe ration
 Scrolls  ('?')
  g - an uncursed scroll of light
  S - a cursed scroll of teleportation
 Spellbooks  ('+')
  p - a cursed spellbook of haste self
 Potions  ('!')
  i - an uncursed potion of blindness
  f - 4 potions of holy water
 Rings    ('=')
  E - an uncursed +1 ring of adornment
  z - an uncursed ring of free action
  m - a blessed +1 ring of gain constitution
  U - a cursed +1 ring of increase accuracy
  e - an uncursed ring of teleportation
 Wands    ('/')
  V - a cursed wand of cold (0:2)
  v - a wand of lightning (0:6)
  w - a wand of magic missile (0:3)
  B - a wand of magic missile (0:3)
  C - a wand of magic missile (0:0)
  W - a wand of opening (0:2)
  c - a wand of probing (0:8)
  P - a wand of striking (0:3)
  K - a cursed wand of teleportation (0:0)
 Tools    ('(')
  b - an uncursed sack containing 19 items
  o - an uncursed blindfold
  k - an uncursed lock pick
  q - a cursed magic marker (0:6)
  L - a cursed oil lamp
  d - a +0 pick-axe
  r - a cursed stethoscope
  y - 3 uncursed partly used tallow candles

Contents of the sack:
  526 gold pieces
  2 uncursed scrolls of enchant armor
  2 cursed scrolls of remove curse
  a cursed scroll of create monster
  2 uncursed scrolls of fire
  an uncursed scroll of amnesia
  a blessed scroll of food detection
  an uncursed scroll of identify
  an uncursed scroll of gold detection
  an uncursed scroll of scare monster
  3 uncursed scrolls of teleportation
  an uncursed potion of restore ability
  an uncursed potion of gain ability
  an uncursed potion of object detection
  an uncursed wooden harp
  4 uncursed wax candles
  a magic marker (0:21)
  a magic marker (0:95)
  6 uncursed tallow candles

IanCurtis the Wizard's attributes:

Background:
 You were a Thaumaturge, a level 8 male elven Wizard.
 You were chaotic, on a mission for Anhur
 who was opposed by Ptah (lawful) and Thoth (neutral).
 You were right-handed.
 You were in the Gnomish Mines, on level 10.
 You entered the dungeon 6704 turns ago.
 It was nighttime.
 There was a new moon in effect when your adventure ended.
 You had 2360 experience points, 200 more were needed to attain level 9.

Basics:
 You had 0 out of 53 hit points.
 You had 9 out of 80 energy points (spell power).
 Your armor class was 6.
 Your wallet contained 115 zorkmids, and
 you had 526 more stashed away in your pack.
 Autopickup was off.

Final Characteristics:
 Your strength was 14 (limit:18).
 Your dexterity was 14 (limit:18).
 Your constitution was 14 (limit:16).
 Your intelligence was 19 (limit:20).
 Your wisdom was 12 (limit:20).
 Your charisma was 12 (limit:18).

Final Status:
 You were temporarily blind.
 You weren't hungry.
 You were burdened; movement was slightly slowed.
 You were wielding a quarterstaff.
 You had basic skill with quarterstaff and could have enhanced that.

Final Attributes:
 You were piously aligned.
 You were magic-protected.
 You were sleep resistant.
 You were telepathic.
 You had infravision.
 You were warded.
 You are dead.

Miscellaneous:
 You encountered 3 bones levels.
 Total elapsed playing time was 1 hour, 17 minutes and 49 seconds.

Major events:
 Turn
    1: IanCurtis the chaotic male elven Wizard entered the dungeon
  639: entered the Gnomish Mines
  652: attained the rank of Conjurer (level 3)
 1403: reached Mine Town
 1643: attained the rank of Thaumaturge (level 6)
 6704: killed by a baby white dragon

Spells:
 Name                 Level Category     Fail Retention
 force bolt             1   attack         0%   61%-70%
 cause fear             3   enchantment    0%   61%-70%
 magic missile          2   attack         0%   61%-70%

Skills:
 Fighting Skills
   bare handed combat [Unskilled]
   riding             [Unskilled]
 Weapon Skills
   dagger             [Unskilled]
   knife              [Unskilled]
   axe                [Unskilled]
   short sword        [Unskilled]
   club               [Unskilled]
   mace               [Unskilled]
   quarterstaff       [Basic]
   polearms           [Unskilled]
   spear              [Unskilled]
   trident            [Unskilled]
   sling              [Unskilled]
   dart               [Unskilled]
   shuriken           [Unskilled]
 Spellcasting Skills
   attack spells      [Basic]
   healing spells     [Unskilled]
   divination spells  [Unskilled]
   enchantment spells [Basic]
   clerical spells    [Unskilled]
   escape spells      [Unskilled]
   matter spells      [Unskilled]

Voluntary challenges:
 Character rerolling was not enabled.
 You never genocided any monsters.
 You never polymorphed an object.
 You never changed form.
 You used no wishes.
Achievements:
 You entered the Gnomish Mines.
 You attained the rank of Conjurer.
 You entered Minetown.
 You attained the rank of Thaumaturge.

 The Dungeons of Doom: levels 1 to 2
    Level 1:
       A fountain.
    Level 2: "vault"
       Some fountains.
       Stairs down to The Gnomish Mines.
 The Gnomish Mines: levels 3 to 10
    Level 3:
    Level 4:
    Level 5:
       An altar to Anhur, a fountain, a grave.
       Final resting place for
          jvanheel-Rog-Hum-Mal-Cha, killed by a fire ant.
    Level 6:
    Level 7:
    Level 8:
       A grave.
       Final resting place for
          Brudee-Rog-Hum-Fem-Cha, killed by a gnome lord.
    Level 9:
    Level 10: <- You were here.
       A grave.
       Final resting place for
          you, killed by a baby white dragon,
          Mushroomi-Wiz-Elf-Mal-Cha, killed by a chameleon imitating a minotaur,
          Sallap-Wiz-Hum-Mal-Cha, killed by an owlbear,
          jspeed-Mon-Hum-Mal-Neu, killed by a black naga, while praying.


Vanquished creatures:
  2 ghosts
  a wood golem
  a python
  a leather golem
  a chameleon
  a cockatrice
  a winter wolf cub
  a panther
  a leprechaun
  a gnome ruler
  a dwarf mummy
 an owlbear
  2 yetis
  a lizard
  a dog
  a dust vortex
  a plains centaur
 an ape
  a human zombie
  a rope golem
  2 fire ants
  a water nymph
  a mountain nymph
  2 Mordor orcs
  2 orc shamans
  a rock mole
  2 ponies
  a fog cloud
  a yellow light
  a shrieker
  a violet fungus
 10 gnome leaders
  2 gnomish wizards
  a kobold mummy
  3 gray oozes
  a giant ant
  a little dog
  3 floating eyes
 13 dwarves
  a homunculus
  a kobold shaman
  6 rothes
  a rabid rat
  2 giant bats
 an orc zombie
  a dwarf zombie
  a werejackal
  2 iguanas
  2 hobbits
  3 manes
  a hobgoblin
  3 cave spiders
 52 gnomes
  a garter snake
  a gecko
  5 jackals
  3 kobolds
  3 goblins
  2 grid bugs
  5 lichens
  8 newts
176 creatures vanquished.

No species were genocided or became extinct.

Game over:
                       ----------
                      /          \
                     /    REST    \
                    /      IN      \
                   /     PEACE      \
                  /                  \
                  |    IanCurtis     |
                  |      641 Au      |
                  | killed by a baby |
                  |   white dragon   |
                  |                  |
                  |                  |
                  |       2026       |
                 *|     *  *  *      | *
        _________)/\\_//(\/(/\)/\//\/|_)_______

Goodbye IanCurtis the Wizard...

You died in The Gnomish Mines on dungeon level 10 with 10467 points,
and 641 pieces of gold, after 6704 moves.
You were level 8 with a maximum of 53 hit points when you died.

